AoeStats
← KEIYILOK

Nomad

510128316Analyzed
2v2 RM · 4d ago on Sep 29, 2026· 71m 10s· 4 players
Game mode
Random Map
Map size
176×176
Population
200
Speed
Normal
Resources
Standard
Victory
Conquest
Starting age
Dark Age
Ending age
Imperial Age
RankedLock teamsTeams togetherTeam positionsShared explorationLock speedFull tech treeHidden civsTurbo modeCheats
Victory
Defeat
🇩🇪 Maya · Germany
1161
+13
🇭🇰 Varangians · Hong Kong SAR China
1112
+15
🇹🇼 Slavs · Taiwan
1102
-14
🇹🇼 Spanish · Taiwan
1091
-14
KEIYILOK
6:29 Loom
14:54 Feudal Age
16:01 Double-Bit Axe
18:57 Castle Age
18:05 Stone Mining
18:20 Fishing Lines
20:50 Bow Saw
22:02 Fletching
23:08 Stone Shaft Mining
23:14 Gillnets
25:11 Forging
26:03 Wheelbarrow
29:12 Iron Casting
28:47 Scale Barding Armor
30:06 Bloodlines
31:10 Iron Casting
32:39 Chain Barding Armor
32:03 Horse Collar
32:14 Gold Mining
32:50 Heavy Plow
33:34 Chain Barding Armor
35:34 Hand Cart
35:56 Husbandry
37:16 Bodkin Arrow
46:28 Town Watch
47:05 Clinker Construction
47:23 Town Patrol
48:17 Ballistics
48:22 Squires
48:27 Scale Mail Armor
52:39 Imperial Age
50:39 Gambesons
52:09 Chain Mail Armor
52:08 Treadmill Crane
52:43 Elite Longship
53:22 Elite Varangian Guard
55:55 Chemistry
56:37 Plate Mail Armor
55:43 Gothikon
57:41 Conscription
57:36 Guard Tower
57:58 Masonry
59:07 Blast Furnace
60:57 Two-Man Saw
60:07 Murder Holes
60:42 Bracer
63:36 Crop Rotation
62:56 Arson
63:28 Pikeman
63:32 Elite Skirmisher
64:27 Padded Archer Armor
64:59 Architecture
64:37 Siege Engineers
66:25 Architecture
66:08 Guilds
66:01 Devotion
65:28 Elite Longship
65:55 Capped Ram
66:48 Cavalier
66:53 Light Cavalry
67:06 Siege Ram
68:54 Leather Archer Armor
69:15 Plate Barding Armor
71:14 Ring Archer Armor
70:36 Vendel Legacy
Murmandus
3:12 Loom
12:42 Feudal Age
13:24 Town Watch
15:24 Fletching
16:47 Gold Mining
17:15 Double-Bit Axe
17:35 Stone Mining
22:40 Scale Mail Armor
26:21 Castle Age
27:02 Bodkin Arrow
28:34 Ballistics
28:17 Guard Tower
31:40 Wheelbarrow
31:46 Crossbowman
36:01 Imperial Age
34:30 Bow Saw
38:35 Stone Shaft Mining
39:04 Thumb Ring
40:08 Bracer
46:30 Chemistry
45:55 Horse Collar
46:39 Padded Archer Armor
46:59 Arbalester
49:29 Leather Archer Armor
49:38 Hand Cart
50:40 Two-Man Saw
50:55 Town Patrol
56:27 Ring Archer Armor
60:11 Conscription
61:44 Fortified Wall
61:30 Murder Holes
64:07 Clinker Construction
69:36 Heavy Plow
70:55 Caravan
超級貓奴
14:37 Feudal Age
12:53 Loom
15:56 Double-Bit Axe
17:31 Horse Collar
18:31 Scale Barding Armor
20:37 Castle Age
20:04 Stone Mining
22:52 Bloodlines
23:06 Heavy Plow
25:10 Chain Barding Armor
25:00 Forging
24:59 Husbandry
31:03 Town Watch
31:53 Bow Saw
32:00 Detinets
32:05 Fishing Lines
35:27 Wheelbarrow
42:19 Hand Cart
42:15 Gillnets
42:21 Gold Mining
46:46 Imperial Age
45:15 Iron Casting
46:39 Gold Shaft Mining
46:04 Fletching
47:58 Conscription
47:55 Elite Boyar
51:41 Blast Furnace
53:27 Hoardings
55:15 Town Patrol
57:32 Two-Man Saw
58:31 Crop Rotation
58:38 Plate Barding Armor
58:15 Light Cavalry
60:55 Bodkin Arrow
61:10 Hussar
66:08 Onager
68:18 Siege Onager
71:37 Chemistry
s7138089
5:18 Loom
13:00 Feudal Age
19:01 Fletching
23:05 Castle Age
25:44 Bodkin Arrow
34:20 Wheelbarrow
34:31 Town Watch
39:30 Imperial Age
38:13 Hand Cart
42:31 Conscription
43:41 Husbandry
43:52 Bloodlines
43:03 Cavalier
47:00 Supremacy
47:48 Forging
47:44 Scale Barding Armor
57:41 Iron Casting
57:42 Horse Collar
Connection lost

Rejoining the realm…

Still unreachable

The connection could not be restored.

Session expired

The server has moved on; the page needs a fresh start.